 Dungeon Crawl Stone Soup version 0.31.0-11-ge490571c62 (webtiles) character file.

Game seed: 2920451817474954933

30 olmar the Digger (level 2, 0/20 HPs)
             Began as a Demigod Earth Elementalist on Jan 26, 2024.
             Slain by an adder (2 damage)
             ... on level 2 of the Dungeon.
             The game lasted 00:00:44 (393 turns).

olmar the Digger (Demigod Earth Elementalist)        Turns: 393, Time: 00:00:44

Health: 0/20       AC:  3    Str:  9    XL:     2   Next: 87%
Magic:  7/7        EV: 12    Int: 17    God:
Gold:   26         SH:  0    Dex: 14    Spells: 4/5 levels left

rFire   . . .        (no weapon)
rCold   . . .        (no shield)
rNeg    . . .        a - +0 robe
rPois   .            (no helmet)
rElec   .            (no cloak)
rCorr   .            (no gloves)
SInv    .            d - +0 pair of boots
Will    .....        (no amulet)
Stlth   ++           (no ring)
HPRegen 0.23/turn    (no ring)
MPRegen 0.10/turn

%: no passive effects
@: lethally poisoned (0 -> -1)
A: high MP 1, forlorn, divine attributes
a: no special abilities


You were on level 2 of the Dungeon.
You visited 1 branch of the dungeon, and saw 2 of its levels.

You collected 26 gold pieces.

Inventory:

Armour
 a - a +0 robe (worn)
 d - a +0 pair of boots (worn)
Scrolls
 c - a scroll of identify


   Skills:
 + Level 1.9 Dodging
 + Level 2.2 Stealth
 + Level 2.3 Spellcasting
 + Level 0.8 Conjurations
 + Level 3.1 Earth Magic


You had 4 spell levels left.
You knew the following spells:

 Your Spells              Type           Power      Damage    Failure   Level
a - Sandblast             Erth           24%        2d8       5%          1

Your spell library contained the following spells:

 Spells                   Type           Power      Damage    Failure   Level
 Passwall                 Erth           12%        N/A       16%         3
 Stone Arrow              Conj/Erth      16%        3d8       26%         3
 Brom's Barrelling Bould  Conj/Erth      8%         2d3       63%         4
 Petrify                  Alch/Erth      7%         N/A       69%         4


Dungeon Overview and Level Annotations

Branches:
Dungeon (1/15)


Innate Abilities, Weirdness & Mutations

You have an increased reservoir of magic. (+10% MP)
You shall have no god before yourself.
Your divine heritage dramatically boosts your attributes as you level up.


Message History

The adder is almost dead.
The adder bites you. The adder barely misses you.
The adder bites you but does no damage. The adder bites you.
You are poisoned.
The adder poisons you!
Aiming: Sandblast (safe; 6% risk of failure)
Press: ? - help, Q - select action Shift-Dir - straight line, f/p - ribbon worm
Aim: a ribbon worm (94% to hit)
The blast of sand hits the adder.
You kill the adder!
You feel sick. The adder bites you. The adder bites you but does no damage.
The ribbon worm bites you.
* * * LOW HITPOINT WARNING * * *
Your Earth Magic skill increases to level 3!
Unknown command.
Aiming: Sandblast (safe; 5% risk of failure)
Press: ? - help, Q - select action Shift-Dir - straight line, f/p - ribbon worm
Aim: a ribbon worm (94% to hit)
The blast of sand hits the ribbon worm!
The ribbon worm is moderately wounded.
* * * LOW HITPOINT WARNING * * *
You feel sick. The adder closely misses you.
The ribbon worm bites you but does no damage.
The adder bites you but does no damage.
Unknown command.
Aiming: Sandblast (safe; 5% risk of failure)
Press: ? - help, Q - select action Shift-Dir - straight line, f/p - ribbon worm
Aim: a ribbon worm (moderately wounded, 94% to hit)
The blast of sand hits the ribbon worm!
The ribbon worm is almost dead.
* * * LOW HITPOINT WARNING * * *
You feel sick. The adder closely misses you.
The ribbon worm expels a string of sticky webbing.
The stream of webbing misses you. The adder closely misses you.
Unknown command.
You don't have enough magic to cast this spell.
Magic courses through your body.
* * * LOW HITPOINT WARNING * * *
You feel sick. The adder bites you.
You die...

#.........#
#.........#
#.........#
##.........#
#..........#
##..........#
##..####.#####
<#. ##..## ..#
...>.###@.##
#.#.
#.....wS## #.
.# ........##
#. .#
##...#?.. ..
.. #........ #
#...#.#... #
.... .#..
.#..# .##.. #.
.. ## ...


You could see a ribbon worm and an adder.

Vanquished Creatures
  2 adders (D:2)
  A dart slug (D:1)
  5 jackals (D:1)
  A quokka (D:1)
  A rat (D:2)
10 creatures vanquished.

Notes
Turn   | Place    | Note
-------+----------+-------------------------------------------
     0 | D:1      | olmar the Demigod Earth Elementalist began the quest for
                  | the Orb.
     0 | D:1      | Reached XP level 1. HP: 14/14 MP: 5/5
   285 | D:1      | Reached XP level 2. HP: 20/20 MP: 1/7
   346 | D:1      | You fall into a shaft and drop 1 floor!
   391 | D:2      | Reached skill level 3 in Earth Magic
   393 | D:2      | Slain by an adder

Illustrated notes

Levels and vault maps discovered:
D:1:      dpeg_arrival_connections, layout_basic,
          dreamdust_ecumenical_altar_angels_and_demons, supply_closet_lemuel,
          serial_bayou_crossing
D:2:      layout_rooms

Skill      XL: |  1  2 |
---------------+-------+-----
Stealth        | 2 |  2.2
Spellcasting   | 2 |  2.3
Earth Magic    | 3 |  3.1
Dodging        | |  1.9
Conjurations   | |  0.8

Action                     || total
---------------------------++-------
   Cast: Sandblast         ||    19
    Use: Scroll            ||     1
         Potion            ||     1
 Armour: Robe              ||    21
  Dodge: Dodged            ||    20
